 Dungeon Crawl Stone Soup version 0.26-a0-858-gbf766624f9 (webtiles) character file.

Game seed: 1481046967932201311

49 robertstho the Chiller (level 3, -2/19 HPs)
             Began as a Deep Elf Ice Elementalist on Nov 24, 2020.
             Slain by a bullfrog (8 damage)
             ... on level 2 of the Dungeon.
             The game lasted 00:01:32 (1289 turns).

robertstho the Chiller (Deep Elf Ice Elementalist)  Turns: 1289, Time: 00:01:33

Health: -2/19      AC:  2    Str:  5    XL:     3   Next: 53%
Magic:  10/10      EV: 13    Int: 20    God:
Gold:   49         SH:  0    Dex: 15    Spells: 2/9 levels left

rFire    . . .     SeeInvis .   c - +0 short sword
rCold    . . .     Faith    .   (no shield)
rNeg     . . .     Spirit   .   a - +0 robe
rPois    .         Reflect  .   (no helmet)
rElec    .         Harm     .   (no cloak)
rCorr    .         Rampage  .   (no gloves)
MR       .....                  (no boots)
Stlth    ++........             (no amulet)
HPRegen  0.06/turn              (no ring)
MPRegen  0.12/turn              (no ring)

@: no status effects
A: no striking features
a: no special abilities


You were on level 2 of the Dungeon.
You visited 1 branch of the dungeon, and saw 2 of its levels.

You collected 49 gold pieces.

Inventory:

Hand Weapons
 c - a +0 short sword (weapon)
Missiles
 d - 2 javelins (quivered)
Armour
 a - a +0 robe (worn)
Scrolls
 f - a scroll of enchant weapon {unknown}
Potions
 b - a potion of invisibility {unknown}
 e - a potion of haste {unknown}
 g - a potion of curing {unknown}


   Skills:
 + Level 0.2 Short Blades
 + Level 2.5 Dodging
 + Level 2.8 Stealth
 + Level 0.1 Unarmed Combat
 * Level 3.8 Spellcasting
 * Level 5.1 Ice Magic


You had 2 spell levels left.
You knew the following spells:

 Your Spells              Type           Power        Failure   Level
a - Freeze                Ice            ###.         1%          1
b - Frozen Ramparts       Ice            ###...       4%          3
c - Ozocubu's Armour      Ice            ###.....     4%          3

Your spell library contained the following spells:

 Spells                   Type           Power        Failure   Level
 Hailstorm                Conj/Ice       ##......     41%         4
 Summon Ice Beast         Ice/Summ       ##......     41%         4


Dungeon Overview and Level Annotations

Branches:
Dungeon (2/15)

Altars:


Message History

You see here a +0 short sword.
A bullfrog comes into view.
The bullfrog croaks.
You hear a shout!
A hobgoblin comes into view. It is wielding a +0 club.
A frilled lizard comes into view.
The frilled lizard hisses angrily.
There are monsters nearby!
There are monsters nearby!
There are monsters nearby!
There are monsters nearby!
The bullfrog closely misses you.
You hit the bullfrog but do no damage. The bullfrog hits you.
The bullfrog closely misses you.
You hit the bullfrog.
The bullfrog is lightly wounded.
The bullfrog hits you. The bullfrog hits you!
* * * LOW HITPOINT WARNING * * *
The bullfrog hits you!
You die...

... .... ..###### ......
#...#### #......#
#.l....# #Fg....# #+#
#@.....####.#
#...........#
#...........#
#...........#
#...........#
##...........# ##
......#......### ..
#####......#........#
#.###(.........#.....##.#


You could see a bullfrog, a hobgoblin and a frilled lizard.

Vanquished Creatures
  2 adders (D:2)
  A dart slug (D:1)
  A leopard gecko (D:1)
  A giant cockroach (D:1)
  3 goblins
  4 hobgoblins
  2 jackals (D:1)
  A quokka (D:2)
  A bat (D:2)
  2 frilled lizards (D:2)
  2 kobolds
  11 rats (D:1)
31 creatures vanquished.

Notes
Turn   | Place    | Note
-------+----------+-------------------------------------------
     0 | D:1      | robertstho the Deep Elf Ice Elementalist began the quest
                  | for the Orb.
     0 | D:1      | Reached XP level 1. HP: 10/10 MP: 6/6
   343 | D:1      | Reached XP level 2. HP: 15/15 MP: 6/8
   950 | D:2      | Reached XP level 3. HP: 12/19 MP: 6/10
   954 | D:2      | Learned a level 3 spell: Frozen Ramparts
   958 | D:2      | Learned a level 3 spell: Ozocubu's Armour
  1064 | D:2      | Reached skill level 5 in Ice Magic
  1283 | D:2      | Noticed a bullfrog
  1289 | D:2      | Slain by a bullfrog

Illustrated notes

Levels and vault maps discovered:
D:1:      lightli_arrival_flooded_house, layout_basic, minmay_rat_gold_closets
D:2:      layout_basic, minmay_octomino_j4, uniq_natasha

Skill      XL: |  1  2  3 |
---------------+----------+-----
Ice Magic      | 5 |  5.1
Short Blades   | |  0.2
Dodging        | |  2.5
Stealth        | |  2.8
Unarmed Combat | |  0.1
Spellcasting   | |  3.8

Action                   || total
-------------------------++-------
Melee: Unarmed           ||     8
       Short sword       ||    59
 Cast: Freeze            ||    10
       Frozen Ramparts   ||     2
 Stab: Sleeping          ||    11
       Distracted        ||     1
Armor: Robe              ||    12
Dodge: Dodged            ||    41

Table legend: (Time is in decaauts)
 A = Elapsed time spent in this place.
 B = Non-inter-level travel time spent in this place.
 C = Inter-level travel time spent in this place.
 D = Time resting spent in this place.
 E = Time spent auto-exploring this place.
 F = Levels seen in this place.
 G = Mean time per level.
                   A        B        C        D        E       F      G
               +--------+--------+--------+--------+--------+-----+--------+
         Total |   1293 |   1208 |     85 |      0 |   1008 |   2 |  646.5 |
       Dungeon |   1293 |   1208 |     85 |      0 |   1008 |   2 |  646.5 |
               +--------+--------+--------+--------+--------+-----+--------+

Top non-repeatable levels by time:
     D:1: 922 daAuts
     D:2: 371 daAuts
